 Dungeon Crawl Stone Soup version 0.30-a0-377-g5cb311bc9f (webtiles) character file.

Game seed: 3705545302682049891

583 lesbiats the Ruffian (level 7, -3/68 HPs)
             Began as a Troll Fighter on Nov 28, 2022.
             Slain by an orc
             ... wielding a +0 flail
              (5 damage)
             ... on level 4 of the Dungeon.
             The game lasted 00:11:28 (3926 turns).

lesbiats the Ruffian (Troll Fighter)                Turns: 3926, Time: 00:11:29

Health: -3/68      AC:  0    Str: 25    XL:     7   Next: 14%
Magic:  6/6        EV:  9    Int:  6    God:
Gold:   2          SH:  7    Dex:  9    Spells: 6/6 levels left

rFire   . . .      SeeInvis .      - Unarmed
rCold   . . .      Faith    .    b - +0 kite shield
rNeg    . . .      Spirit   .    a - +0 robe
rPois   .          Reflect  .    (helmet restricted)
rElec   .          Harm     .    (no cloak)
rCorr   .          Rampage  .    (gloves unavailable)
Will    .....                    (boots unavailable)
Stlth   +.........               (no amulet)
HPRegen 1.11/turn                (no ring)
MPRegen 0.10/turn                (no ring)

@: corroded
A: large, unfitting armour, claws 3, regeneration 1, shaggy fur 1, tough skin 1
a: no special abilities


You were on level 4 of the Dungeon.
You visited 1 branch of the dungeon, and saw 5 of its levels.
You also visited: Sewer.

You collected 172 gold pieces.
You spent 170 gold pieces at shops.

Inventory:

Missiles
 n - 7 boomerangs (quivered)
Armour
 a - a +0 robe (worn)
 b - a +0 kite shield (worn)
Jewellery
 d - a ring of ice
 l - a ring of protection from cold
Wands
 h - a wand of light (7)
Scrolls
 e - a scroll of enchant weapon {unknown}
 g - 4 scrolls of teleportation
 i - 2 scrolls of poison
 k - a scroll of immolation {unknown}
 o - a scroll of torment {unknown}
 p - a scroll of magic mapping {unknown}
 v - a scroll of vulnerability {unknown}
 w - a scroll of summoning {unknown}
 x - 2 scrolls of fear {unknown}
 y - a scroll of butterflies {unknown}
Potions
 c - a potion of might
 f - a potion of lignification {unknown}
 j - 2 potions of flight
 q - 2 potions of mutation
 r - a potion of curing
 s - 2 potions of resistance
 t - 2 potions of degeneration
 u - 2 potions of cancellation
 A - a potion of haste {unknown}


   Skills:
 + Level 3.7 Fighting
 + Level 3.7 Dodging
 + Level 4.0 Shields
 * Level 5.2 Unarmed Combat


You had 6 spell levels left.
You didn't know any spells.
Your spell library contained the following spells:

 Spells                   Type           Power      Damage    Failure   Level
 Slow                     Hex            0%         N/A       75%         1
 Confusing Touch          Hex            0%         N/A       98%         3
 Gell's Gravitas          Tloc           0%         N/A       98%         3
 Teleport Other           Tloc           0%         N/A       98%         3
 Vampiric Draining        Necr           0%         2d6       98%         3
 Dispersal                Tloc           0%         N/A       100%        6


Dungeon Overview and Level Annotations

Branches:
Dungeon (5/15)              Sewer (visited)
 Temple: D:4-7

Altars:
Gozag

Shops:
D:1 *


Innate Abilities, Weirdness & Mutations

You are too large for most types of armour.
You have claws for hands.
Your natural rate of healing is unusually fast.
You are covered in fur. (AC +1)
You have tough skin. (AC +1)


Message History

The orc wizard gestures at you while chanting.
You are confused.
In your confused state, you trip and fall back down the stairs.
The orc barely misses you. The orc completely misses you. The jelly hits you.
You are splashed with acid!
Unknown command.
The orc hits you with a +0 flail. x2; The jelly misses you.
The orc priest hits you with a +0 flail.
You climb upwards.
There is a stone staircase leading down, spattered with blood here.
You scratch the orc.
The orc is lightly wounded.
The orc priest mumbles some strange prayers to Beogh against you.
You struggle to resist.
The orc hits you with a +0 flail. x2
The jelly hits you but does no damage.
You claw the orc!
You kill the orc!
The orc priest completely misses you. The jelly barely misses you.
The orc hits you with a +0 flail.
You bump into the rock wall.
You feel less confused. The orc priest closely misses you.
The jelly closely misses you. The orc hits you with a +0 flail!
You claw the orc priest!
The orc priest is severely wounded.
The orc priest hits you but does no damage.
You block the jelly's attack. The orc hits you with a +0 flail.
You scratch the orc priest.
The orc priest is almost dead.
The orc priest hits you with a +0 flail.
The jelly hits you. The acid corrodes you!
You are splashed with acid!
* * * LOW HITPOINT WARNING * * *
The orc hits you with a +0 flail!
* * * LOW HITPOINT WARNING * * *
You barely miss the orc priest.
The orc priest is almost dead.
The orc priest hits you with a +0 flail!
* * * LOW HITPOINT WARNING * * *
You block the jelly's attack. The orc hits you with a +0 flail.
You die...

#.# #.## ##.# #.#
##.###..# ###.#
###..[..##
##..####.......#
....#..........##
................#
.####...........# ##
#..........o## #
#..........J@# ### #
#..........o)# #.# ##
##............# ##.#
.###.............####.##
.##.)................##
....)...............##
....)#...........####
#...##...........#
##..##...........#####


You could see a jelly, an orc priest and an orc.

Vanquished Creatures
  A centaur (D:5)
  An ogre (D:4)
  A gnoll bouda (D:5)
  A jelly (D:4)
  An orc priest (D:4)
  Crazy Yiuf (D:2)
  3 iguanas
  An orc wizard (D:4)
  A hell rat (Sewer)
  3 gnolls
  5 adders (D:3)
  3 river rats (Sewer)
  A worm (D:3)
  A dart slug (D:3)
  7 orcs (D:4)
  9 ball pythons
  3 bats
  5 endoplasms
  6 giant cockroaches
  7 goblins
  4 hobgoblins
  3 kobolds
  6 quokkas
  4 frilled lizards
  7 rats
85 creatures vanquished.

Vanquished Creatures (others)
  2 plants
2 creatures vanquished.

Grand Total: 87 creatures vanquished

Notes
Turn   | Place    | Note
-------+----------+-------------------------------------------
     0 | D:1      | lesbiats the Troll Fighter began the quest for the Orb.
     0 | D:1      | Reached XP level 1. HP: 22/22 MP: 0/0
   129 | D:1      | Found Heonna's Assorted Antiques.
   136 | D:1      | Reached XP level 2. HP: 29/29 MP: 1/1
   677 | D:1      | Bought a scroll labelled KAUQOX VIWESYTANE for 22 gold
                  | pieces
   677 | D:1      | Bought a scroll labelled ANITED ORIMASI for 22 gold pieces
   913 | D:2      | Found a runed translucent door.
   914 | D:2      | Noticed Crazy Yiuf
  1511 | D:2      | Reached XP level 3. HP: 36/36 MP: 2/2
  1697 | D:2      | Killed Crazy Yiuf
  1698 | D:2      | Reached skill level 3 in Unarmed Combat
  1793 | D:3      | Reached XP level 4. HP: 39/44 MP: 3/3
  2052 | D:3      | Reached XP level 5. HP: 53/53 MP: 4/4
  2278 | D:3      | Found an opulent altar of Gozag.
  2555 | D:4      | Reached skill level 4 in Unarmed Combat
  2654 | D:4      | Found a glowing drain.
  2674 | D:4      | Reached XP level 6. HP: 51/61 MP: 5/5
  2695 | Sewer    | Entered a sewer
  3567 | D:1      | Bought a scroll of identify for 44 gold pieces
  3567 | D:1      | Bought a bubbling golden potion for 19 gold pieces
  3567 | D:1      | Bought a scroll of identify for 44 gold pieces
  3567 | D:1      | Bought a red potion for 19 gold pieces
  3660 | D:5      | Entered Level 5 of the Dungeon
  3689 | D:5      | Noticed a wyvern
  3741 | D:5      | HP: 3/61 [gnoll/+0 flail[a gnoll bouda] (8)]
  3821 | D:4      | Reached skill level 5 in Unarmed Combat
  3884 | D:4      | Reached XP level 7. HP: 56/68 MP: 6/6
  3926 | D:4      | HP: 2/68 [orc priest/+0 flail (9)]
  3926 | D:4      | Slain by an orc

Illustrated notes

Levels and vault maps discovered:
D:1:      tarquinn_simple_flora_water_b, layout_loops_ring, serial_shops,
          nicolae_shop_advertising_works [nicolae_subvault_shop_adworks]
D:2:      layout_basic, uniq_crazy_yiuf_cottage
D:3:      layout_basic, grunt_gozag_breadcrumbs, saegor_snake_ambush
D:4:      layout_layer_cave, portal_sewer_entry_f
D:5:      layout_rooms, serial_shops, nicolae_diamond_shop, serial_bayou_pond_a,
          st_stairs_3

Skill      XL: |  1  2  3  4  5  6 |
---------------+-------------------+-----
Shields        | 3 4 |  4.0
Unarmed Combat | 3 4 5 |  5.2
Dodging        | 3 |  3.7
Fighting       | 3 |  3.7

Action                   |  1- 3 |  4- 6 |  7- 9 || total
-------------------------+-------+-------+-------++-------
Melee: Unarmed           |    75 |   185 |     7 ||   267
  Use: Scroll            |       |    12 |       ||    12
       Potion            |       |     4 |       ||     4
Armor: Robe              |    26 |    50 |     4 ||    80
Dodge: Dodged            |    21 |    88 |     8 ||   117
Block: Kite shield       |    20 |    80 |     3 ||   103

Table legend: (Time is in decaauts)
 A = Elapsed time spent in this place.
 B = Non-inter-level travel time spent in this place.
 C = Inter-level travel time spent in this place.
 D = Time resting spent in this place.
 E = Time spent auto-exploring this place.
 F = Levels seen in this place.
 G = Mean time per level.
                   A        B        C        D        E       F      G
               +--------+--------+--------+--------+--------+-----+--------+
         Total |   3994 |   3471 |    523 |    147 |   2486 |   6 |  665.7 |
       Dungeon |   3896 |   3373 |    523 |    147 |   2472 |   5 |  779.2 |
         Sewer |     98 |     98 |      0 |      0 |     14 |   1 |   98.0 |
               +--------+--------+--------+--------+--------+-----+--------+

Top non-repeatable levels by time:
     D:4: 1164 daAuts
     D:2: 1019 daAuts
     D:1: 819 daAuts
     D:3: 778 daAuts
     D:5: 113 daAuts
   Sewer: 98 daAuts
